 Dungeon Crawl Stone Soup version 0.31-a0-354-g827e0957a7 (webtiles) character file.

Game seed: 4821081832428069314

261 howech the Chopper (level 5, -8/47 HPs)
             Began as a Minotaur Berserker on July 23, 2023.
             Was a Follower of Trog.
             Mangled by a gnoll sergeant
             ... wielding a +0 spear of flaming
              (11 damage)
             ... on level 4 of the Dungeon.
             The game lasted 00:07:58 (2943 turns).

howech the Chopper (Minotaur Berserker)             Turns: 2943, Time: 00:07:58

Health: -8/47      AC:  3    Str: 27    XL:     5   Next: 96%
Magic:  4/4        EV: 12    Int:  6    God:    Trog [*.....]
Gold:   148        SH:  0    Dex: 10    Spells: 4/4 levels left

rFire   . . .        a - +0 hand axe
rCold   . . .        (no shield)
rNeg    . . .        b - +0 animal skin
rPois   .            (helmet restricted)
rElec   .            (no cloak)
rCorr   .            (no gloves)
SInv    +            i - +0 pair of boots
Will    .....        (no amulet)
Stlth   +            g - +6 ring of strength
HPRegen 0.27/turn    j - ring of see invisible
MPRegen 0.09/turn

%: no passive effects
@: about to teleport, on berserk cooldown
A: horns 2, retaliatory headbutt
a: Renounce Religion, Berserk


You were on level 4 of the Dungeon.
You worshipped Trog.
Trog was aware of your devotion.
You visited 1 branch of the dungeon, and saw 4 of its levels.

You collected 148 gold pieces.

Inventory:

Hand Weapons
 a - a +0 hand axe (weapon)
Missiles
 m - 6 atropa-tipped darts
Armour
 b - a +0 animal skin (worn)
 i - a +0 pair of boots (worn)
Jewellery
 c - a ring of magical power
 g - a +6 ring of strength (left hand)
 j - a ring of see invisible (right hand)
Wands
 q - a wand of flame (11)
Scrolls
 f - a scroll of teleportation
 k - a scroll of fear {unknown}
 o - a scroll of enchant weapon {unknown}
 p - 4 scrolls of identify {unknown}
Potions
 d - a potion of might {unknown}
 e - a potion of attraction {unknown}
 h - a potion of haste {unknown}
 l - a potion of heal wounds {unknown}
 n - a potion of lignification {unknown}


   Skills:
 + Level 4.5 Fighting
 + Level 4.6 Axes
 + Level 1.9 Throwing
 + Level 3.5 Armour
 + Level 3.1 Dodging
 + Level 2.3 Shields
 + Level 1.8 Evocations


You had 4 spell levels left.
You didn't know any spells.
Your spell library was empty.

Dungeon Overview and Level Annotations

Branches:
Dungeon (4/15)             Temple (0/1) D:4

Altars:

Shops:
D:2 (=?*   D:3 [


Innate Abilities, Weirdness & Mutations

You have a pair of horns on your head.
You reflexively headbutt those who attack you in melee.


Message History

A nearby plant withers and dies. x2
You start waiting.
A gnoll sergeant comes into view. It is wielding a +0 spear of flaming.
Unknown command.
A gnoll comes into view. It is wielding a +0 whip.
Okay, then.
The gnoll sergeant barely misses you.
Okay, then.
Unknown command.
The gnoll sergeant hits you with a +0 spear of flaming.
The gnoll sergeant burns you.
You barely miss the gnoll sergeant. You headbutt the gnoll sergeant.
The gnoll sergeant is lightly wounded.
The gnoll sergeant closely misses you. You furiously retaliate!
You headbutt the gnoll sergeant.
The gnoll sergeant hits you with a +0 spear of flaming.
The gnoll sergeant burns you.
You barely miss the gnoll sergeant.
The gnoll sergeant is moderately wounded.
You hit the gnoll.
You feel yourself speed up. The gnoll hits you with a +0 whip.
The gnoll sergeant hits you with a +0 spear of flaming!
The gnoll sergeant burns you. The gnoll hits you with a +0 whip!
* * * LOW HITPOINT WARNING * * *
You closely miss the gnoll sergeant.
The gnoll sergeant is moderately wounded.
You hit the gnoll but do no damage. The gnoll sergeant barely misses you.
The gnoll hits you with a +0 whip.
* * * LOW HITPOINT WARNING * * *
Unknown command.
As you read the scroll of teleportation, it crumbles to dust.
You feel strangely unstable.
The gnoll sergeant hits you with a +0 spear of flaming.
* * * LOW HITPOINT WARNING * * *
The gnoll sergeant burns you.
* * * LOW HITPOINT WARNING * * *
The gnoll barely misses you.
The gnoll sergeant hits you from afar with a +0 spear of flaming!
You die...

#.###~~P♣≈♣~~~P.####......
##...~~~~♣≈♣~P.P...........
.PP.P.~♣≈♣~~PPP.#####......
~~~~~~≈~≈~~~P~..# #...#'#
P~~♣P~~~.~~####.# ##...#.#
.P.~PP)~~#.####+####....#.#
#.......>....# ......#.)#.#
.....##.g....# ...........#
#.#.....g.@..#..[...#.#.#..
# #..........##.##.....[.#.
#..........## ..#...#...
#..######### .)#.......#.
#.. # ....>..... #.
#.......#. .# ...#...#...
........... ....#.#.##.


You could see a gnoll sergeant and a gnoll.

Vanquished Creatures
  A black bear (D:4)
  A hound (D:4)
  5 gnolls
  3 adders
  2 worms (D:3)
  A dart slug (D:1)
  4 orcs (D:3)
  4 endoplasms
  A giant cockroach (D:2)
  5 goblins
  8 hobgoblins
  5 quokkas
  3 ball pythons
  4 bats
  2 frilled lizards
  5 kobolds
  6 rats
60 creatures vanquished.

Notes
Turn   | Place    | Note
-------+----------+-------------------------------------------
     0 | D:1      | howech the Minotaur Berserker began the quest for the Orb.
     0 | D:1      | Reached XP level 1. HP: 19/19 MP: 0/0
   319 | D:1      | Found a faded altar of an unknown god.
   478 | D:1      | Reached XP level 2. HP: 23/27 MP: 1/1
  1467 | D:2      | Found Afreegosuv's Weapon Shoppe.
  1475 | D:2      | Reached skill level 1 in Shields
  1475 | D:2      | Reached XP level 3. HP: 28/33 MP: 2/2
  1581 | D:2      | Found Baokosch's Jewellery Boutique.
  1758 | D:2      | Found Foahil's Magic Scroll Boutique.
  1788 | D:2      | Found Uhuisaf's Assorted Antiques.
  1846 | D:2      | Reached skill level 1 in Evocations
  2152 | D:3      | Reached ** piety under Trog
  2261 | D:3      | Reached skill level 1 in Throwing
  2293 | D:3      | Found Peijaeg's Antique Armour Boutique.
  2296 | D:3      | Reached XP level 4. HP: 40/40 MP: 3/3
  2761 | D:4      | Found a staircase to the Ecumenical Temple.
  2782 | D:4      | Noticed a black bear
  2791 | D:4      | Killed a black bear
  2792 | D:4      | Reached XP level 5. HP: 47/47 MP: 4/4
  2942 | D:4      | HP: 2/47 [gnoll sergeant/+0 spear of flaming (1)]
  2943 | D:4      | Mangled by a gnoll sergeant

Illustrated notes

Levels and vault maps discovered:
D:1:      amcnicky_arrival_single_pillar, layout_rooms, serial_co_window_serial,
          co_window_of_opportunity_a, co_window_of_opportunity_a,
          co_window_corner_a, co_window_paths_b, co_window_paths_b,
          co_window_broadway_a, co_window_corner_cb, co_window_cross_4,
          co_window_2corner, co_window_paths_e, co_window_4corner_a,
          glass_columns_b, glass_columns_b, glass_columns_c, glass_columns_a,
          hellmonk_ecumenical_altar_arch_garden
D:2:      layout_basic, serial_shops, nicolae_shop_rolled_up,
          nicolae_square_shop, nicolae_shop_gaudy_bauble, shop,
          hangedman_decor_riveting
D:3:      layout_rooms, serial_shops, nicolae_shop_peninsula,
          minmay_misc_feat_plants, minmay_misc_feat_hallway
D:4:      layout_basic, mainiacjoe_overflow_divided_tiny,
          minmay_temple_entry_sparse_star, serial_bayou_lagoon_a,
          serial_bayou_pond_e, cheibrodos_gnoll_hut

Skill      XL: |  1  2  3  4 |
---------------+-------------+-----
Fighting       | 4 |  4.5
Axes           | 4 |  4.6
Shields        | 1 2 |  2.3
Evocations     | 1 |  1.8
Throwing       | 1 |  1.9
Armour         | 3 |  3.5
Dodging        | 3 |  3.1

Action                     |  1- 3 |  4- 6 || total
---------------------------+-------+-------++-------
  Melee: Hand axe          |    79 |    55 ||   134
         Headbutt          |    10 |     5 ||    15
 Invoke: Berserk           |       |     3 ||     3
         Trog's Hand       |       |     1 ||     1
    Use: Scroll            |     2 |     1 ||     3
 Armour: Animal skin       |    18 |     9 ||    27
  Dodge: Dodged            |    55 |    35 ||    90

Table legend: (Time is in decaauts)
 A = Elapsed time spent in this place.
 B = Non-inter-level travel time spent in this place.
 C = Inter-level travel time spent in this place.
 D = Time resting spent in this place.
 E = Time spent auto-exploring this place.
 F = Levels seen in this place.
 G = Mean time per level.
                   A        B        C        D        E       F      G
               +--------+--------+--------+--------+--------+-----+--------+
         Total |   2986 |   2847 |    139 |     92 |   2237 |   4 |  746.5 |
       Dungeon |   2986 |   2847 |    139 |     92 |   2237 |   4 |  746.5 |
               +--------+--------+--------+--------+--------+-----+--------+

Top non-repeatable levels by time:
     D:2: 1199 daAuts
     D:1: 937 daAuts
     D:3: 639 daAuts
     D:4: 210 daAuts
